 Dungeon Crawl Stone Soup version 0.30-a0-368-g86fb4627a9 (webtiles) character file.

Game seed: 14362260939368125617

6237 Tocho the Carver (level 10, -20/83 HPs)
             Began as a Green Draconian Conjurer on Nov 20, 2022.
             Was a Priest of Sif Muna.
             Killed from afar by a molten gargoyle (28 damage)
             ... with a bolt of magma
             ... on level 9 of the Dungeon.
             The game lasted 00:28:35 (8936 turns).

Tocho the Carver (Green Draconian Conjurer)         Turns: 8936, Time: 00:28:35

Health: -20/83     AC:  8    Str: 16    XL:     10   Next: 62%
Magic:  17/17      EV: 17    Int: 20    God:    Sif Muna [***...]
Gold:   419        SH:  0    Dex: 20    Spells: 6/19 levels left

rFire   . . .      SeeInvis .    F - +4 long sword
rCold   . . .      Faith    .    (no shield)
rNeg    . . .      Spirit   .    (body armour unavailable)
rPois   +          Reflect  .    (helmet restricted)
rElec   .          Harm     .    p - +0 cloak
rCorr   .          Rampage  .    (no gloves)
Will    .....                    (no boots)
Stlth   +++.......               g - amulet of regeneration
HPRegen 1.13/turn                j - +6 ring of dexterity
MPRegen 0.15/turn                v - +6 ring of dexterity

@: no status effects
A: breathe noxious fumes, AC +7, unfitting armour, poison resistance,
cold-blooded, stinger 1, strong 1
a: Breathe Noxious Fumes, Renounce Religion, Channel Magic, Forget Spell


You were on level 9 of the Dungeon.
You worshipped Sif Muna.
Sif Muna was most pleased with you.
You visited 2 branches of the dungeon, and saw 10 of its levels.
You also visited: Sewer.

You collected 623 gold pieces.
You spent 204 gold pieces at shops.

Inventory:

Hand Weapons
 f - a +2 falchion
 s - a +3 battleaxe of electrocution
 F - a +4 long sword (weapon)
Missiles
 e - 10 poisoned darts
Armour
 p - a +0 cloak (worn)
 G - the +0 robe "Ifuurgher" {rN+ Str+3}
   (You found it on level 8 of the Dungeon)

   Str:       It affects your strength (+3).
   rN:        It protects you from negative energy.
Jewellery
 g - an amulet of regeneration (around neck)
 j - a +6 ring of dexterity (left hand)
 v - a +6 ring of dexterity (right hand)
Wands
 o - a wand of quicksilver (14)
 r - a wand of charming (12)
 t - a wand of roots (10)
 x - a wand of digging (6)
 E - a wand of polymorph (18)
Scrolls
 a - 2 scrolls of blinking
 d - a scroll of magic mapping
 u - 3 scrolls of teleportation
 w - 2 scrolls of amnesia
 D - 3 scrolls of identify
Potions
 b - 2 potions of heal wounds
 c - 3 potions of attraction
 h - 3 potions of berserk rage
 i - 2 potions of mutation
 k - a potion of cancellation {unknown}
 l - 2 potions of flight {unknown}
 m - a potion of degeneration {unknown}
 n - 3 potions of brilliance
 q - a potion of haste
 z - a potion of ambrosia {unknown}
 A - a potion of curing
 B - a potion of lignification
 C - a potion of invisibility {unknown}


   Skills:
 + Level 5.6 Fighting
 + Level 8.0 Long Blades
 + Level 7.6 Dodging
 + Level 6.0 Stealth
 + Level 5.1 Spellcasting
 + Level 6.4 Conjurations
 + Level 0.1 Hexes
 + Level 1.0 Transmutations
 + Level 1.9 Air Magic
 + Level 2.7 Poison Magic
 + Level 1.6 Invocations


You had 6 spell levels left.
You knew the following spells:

 Your Spells              Type           Power      Damage    Failure   Level
a - Magic Dart            Conj           100%       1d8       1%          1
b - Searing Ray           Conj           60%        2d6       1%          2
c - Mephitic Cloud        Conj/Pois/Air  19%        N/A       8%          3
d - Poisonous Vapours     Pois/Air       28%        N/A       7%          2
e - Dazzling Flash        Conj/Hex       36%        N/A       9%          3
f - Wereblood             Tmut           9%         N/A       11%         2

Your spell library contained the following spells:

 Spells                   Type           Power      Damage    Failure   Level
 Shock                    Conj/Air       84%        1d8       1%          1
 Beastly Appendage        Tmut           18%        N/A       8%          1
 Stone Arrow              Conj/Erth      34%        3d9       10%         3
 Apportation              Tloc           10%        N/A       12%         1
 Necrotise                Necr           20%        1d5       12%         1
 Sandblast                Erth           10%        2d5       12%         1
 Summon Small Mammal      Summ           20%        N/A       12%         1
 Passwall                 Tmut/Erth      5%         N/A       14%         2
 Spider Form              Tmut/Pois      12%        N/A       16%         3
 Ignite Poison            Fire/Tmut/Pois 10%        N/A       21%         3
 Kindle Blastsparks       Fire/Tloc/Air  14%        2d11      26%         3
 Fulminant Prism          Conj/Hex       9%         3d6       30%         4
 Iskenderun's Mystic Bla  Conj/Tloc      17%        2d5       30%         4
 Summon Guardian Golem    Hex/Summ       5%         N/A       32%         3
 Tukima's Dance           Hex            5%         N/A       32%         3
 Call Canine Familiar     Summ           5%         N/A       34%         3
 Freezing Cloud           Conj/Ice/Air   8%         6-21      71%         5
 Passage of Golubria      Tloc           5%         N/A       75%         4
 Yara's Violent Unravell  Hex/Tmut       3%         3d4       94%         5
 Statue Form              Tmut/Erth      4%         N/A       100%        6


Dungeon Overview and Level Annotations

Branches:
Dungeon (9/15)             Temple (1/1) D:5            Lair (0/5) D:8
  Sewer (visited)
    Orc: D:9-12

Altars:
Ashenzari
Cheibriados
Dithmenos
Elyvilon
Fedhas
Gozag
Hepliaklqana
Kikubaaqudgha
Makhleb
Nemelex Xobeh
Okawaru
Qazlal
Ru
Sif Muna
Trog
Uskayaw
Vehumet
Wu Jian
Xom
Yredelemnul
Zin
The Shining One

Shops:
D:1 *[   D:5 :[([

Annotations:
D:8 1 runed translucent door, Cancer's ghost, novice GrEE


Innate Abilities, Weirdness & Mutations

You can breathe blasts of noxious fumes.
Your lurid green scales are hard. (AC +7)
You cannot fit into any form of body armour.
Your system is resistant to poisons. (rPois)
You are cold-blooded and may be slowed by cold attacks.
Your tail ends in a venomous barb.
Your muscles are strong. (Str +4, Int/Dex -1)


Message History

No target in view!
No target in view!
No target in view!
No target in view!
No target in view!
No target in view!
No target in view!
No target in view!
No target in view!
No target in view!
No target in view!
No target in view!
You see here a killer bee corpse.
You now have 419 gold pieces (gained 9).
A molten gargoyle comes into view. It is wielding a +0 flail.
The molten gargoyle moves out of view. 2 molten gargoyles come into view.
A molten gargoyle is nearby!
The molten gargoyle blasts magma at you!
The bolt of magma hits you!! The molten gargoyle barely misses you.
The molten gargoyle blasts magma at you!
The bolt of magma misses you.
The molten gargoyle attacks as you move away!
The molten gargoyle closely misses you.
The molten gargoyle attacks as you move away!
The molten gargoyle hits you with a +0 flail.
You are engulfed in flames!
The molten gargoyle attacks as you move away!
The molten gargoyle barely misses you.
The molten gargoyle blasts magma at you!
The bolt of magma misses you.
The molten gargoyle blasts magma at you!
The bolt of magma hits you!!
The molten gargoyle blasts magma at you!
The bolt of magma hits you!!
* * * LOW HITPOINT WARNING * * *
The molten gargoyle blasts magma at you!
The bolt of magma hits you!!
You die...

..... #.§≈≈≈≈≈§.##...#.....#.....
.....#..≈≈88≈§.#.#...#..>..#.....
......#.≈≈88§§..##...#.....#.....
.....#.≈≈≈≈≈≈≈.#.#...#.....#.....
......#§≈≈≈≈≈§..##...#.....#.....
....#...≈.≈...#.#...# #.....
......#.#.#.#.#.#[...#######.....
###..#.#.#.#.#.#...............†.
#.........9...@..............##
#.........9..................#
#.......................######
#..............####.....#
#..............# #.....#
#..............# #.....#
################ #######


You could see 2 molten gargoyles.

Vanquished Creatures
  Pikel (D:8)
  2 molten gargoyles (D:9)
  Maggie (D:8)
  A troll (D:8)
  Grinder (D:5)
  A wyvern (D:9)
  4 yaks (D:8)
  A water moccasin (Sewer)
  A sky beast (D:7)
  2 ogres (D:4)
  A black bear (D:5)
  2 orc warriors
  3 centaurs
  A kobold brigand (D:8)
  3 bullfrogs
  2 necrophages
  A gnoll sergeant (D:8)
  6 scorpions
  5 wights (D:8)
  13 killer bees
  5 howler monkeys
  3 hounds
  3 jellies
  Crazy Yiuf (D:2)
  A gnoll bouda (D:9)
  3 orc priests
  Jessica (D:3)
  6 iguanas
  11 orc wizards
  Robin (D:3)
  8 gnolls
  6 adders
  A shadow imp (D:7)
  2 ufetubi (D:5)
  3 worms
  26 orcs
  2 ball pythons
  5 endoplasms
  3 giant cockroaches
  19 goblins
  6 hobgoblins
  11 jackals
  8 quokkas
  7 bats
  2 frilled lizards (D:2)
  14 kobolds
  6 rats
216 creatures vanquished.

Vanquished Creatures (others)
  17 fungi (D:8)
  19 plants (D:8)
36 creatures vanquished.

Grand Total: 252 creatures vanquished

Notes
Turn   | Place    | Note
-------+----------+-------------------------------------------
     0 | D:1      | Tocho the Draconian Conjurer began the quest for the Orb.
     0 | D:1      | Reached XP level 1. HP: 14/14 MP: 3/3
    49 | D:1      | Found Kuloserph's Antique Armour Emporium.
   240 | D:1      | Reached XP level 2. HP: 20/20 MP: 3/5
   243 | D:1      | Learned a level 2 spell: Searing Ray
   801 | D:1      | Found Zacav's Assorted Antiques.
   810 | D:1      | Bought a scroll labelled GYLAON UTIROCRU for 24 gold pieces
  1020 | D:2      | Reached XP level 3. HP: 22/26 MP: 6/6
  1444 | D:2      | Found a faded altar of an unknown god.
  1452 | D:2      | Got Plato's Grimoire of Coordinates
  1501 | D:2      | Found a runed translucent door.
  1502 | D:2      | Noticed Crazy Yiuf
  1839 | D:2      | Killed Crazy Yiuf
  1840 | D:2      | Reached skill level 1 in Long Blades
  1840 | D:2      | Reached XP level 4. HP: 11/34 MP: 0/7
  2065 | D:3      | Noticed Robin
  2067 | D:3      | Identified the +0 chain mail of Grace {Regen+ Str+3}
  2135 | D:3      | Killed Robin
  2347 | D:3      | Noticed Jessica
  2358 | D:3      | Killed Jessica
  2359 | D:3      | Reached skill level 1 in Fighting
  2359 | D:3      | Reached skill level 2 in Long Blades
  2359 | D:3      | Reached skill level 5 in Conjurations
  2359 | D:3      | Reached XP level 5. HP: 26/40 MP: 8/8
  2792 | D:4      | Found a glowing drain.
  2992 | Sewer    | Entered a sewer
  3015 | Sewer    | Noticed a water moccasin
  3024 | Sewer    | Killed a water moccasin
  3025 | Sewer    | Reached skill level 3 in Long Blades
  3025 | Sewer    | Reached XP level 6. HP: 48/48 MP: 0/9
  3870 | D:4      | Your scales start taking on a lurid green colour.
  3870 | D:4      | Reached XP level 7. HP: 50/56 MP: 10/10
  3870 | D:4      | Gained mutation: Your system is resistant to poisons.
                  | (rPois) [Green Draconian growth]
  3879 | D:4      | Got Sif Muna's Essays on Hazy Metamorphosis
  3889 | D:4      | Learned a level 3 spell: Mephitic Cloud
  3892 | D:4      | Learned a level 2 spell: Poisonous Vapours
  3896 | D:4      | Learned a level 3 spell: Dazzling Flash
  3957 | D:5      | Entered Level 5 of the Dungeon
  3958 | D:5      | Found Cymexi's Weapon Shop.
  3981 | D:5      | Reached skill level 4 in Long Blades
  4131 | D:5      | Found Boro's Antique Armour Shop.
  4238 | D:5      | Gained mutation: Your large and strong wings let you fly.
                  | [potion of mutation]
  4238 | D:5      | Gained mutation: You are weak. (Str -2) [potion of
                  | mutation]
  4238 | D:5      | Gained mutation: You possess an exceptional clarity of
                  | mind. [potion of mutation]
  4239 | D:5      | Lost mutation: Your large and strong wings let you fly.
                  | [potion of mutation]
  4239 | D:5      | Lost mutation: You possess an exceptional clarity of mind.
                  | [potion of mutation]
  4239 | D:5      | Lost mutation: You are weak. (Str -2) [potion of mutation]
  4239 | D:5      | Gained mutation: You expend magic power (3 MP) to
                  | strengthen your wands. [potion of mutation]
  4239 | D:5      | Gained mutation: You have a pair of small horns on your
                  | head. [potion of mutation]
  4240 | D:5      | Lost mutation: You expend magic power (3 MP) to strengthen
                  | your wands. [potion of mutation]
  4240 | D:5      | Lost mutation: You have a pair of small horns on your head.
                  | [potion of mutation]
  4240 | D:5      | Gained mutation: Your muscles are strong. (Str +4, Int/Dex
                  | -1) [potion of mutation]
  4240 | D:5      | Gained mutation: Your tail ends in a venomous barb. [potion
                  | of mutation]
  4248 | D:5      | Found a staircase to the Ecumenical Temple.
  4326 | Temple   | Entered the Ecumenical Temple
  4337 | Temple   | Became a worshipper of Sif Muna the Loreminder
  4474 | D:5      | Found Ynwogg's Antique Armour Boutique.
  4636 | D:5      | Reached XP level 8. HP: 54/63 MP: 12/12
  4711 | D:5      | Noticed Grinder
  4719 | D:5      | Paralysed by Grinder for 4 turns
  4733 | D:5      | Killed Grinder
  4734 | D:5      | Reached skill level 5 in Long Blades
  4906 | D:5      | Found Zotal's Book Boutique.
  4914 | D:5      | Bought a book of Changes for 180 gold pieces
  4917 | D:5      | Learned a level 2 spell: Wereblood
  4995 | D:6      | Found a white marble altar of Elyvilon.
  5109 | D:6      | Found a sacrificial altar of Ru.
  5110 | D:6      | Found an opulent altar of Gozag.
  5355 | D:6      | Reached * piety under Sif Muna
  5365 | D:6      | Reached skill level 5 in Stealth
  5504 | D:6      | Reached skill level 6 in Long Blades
  5784 | D:6      | Reached skill level 5 in Dodging
  6026 | D:7      | Reached XP level 9. HP: 71/71 MP: 10/14
  6263 | D:7      | Reached ** piety under Sif Muna
  7108 | D:8      | Noticed Maggie
  7124 | D:8      | Killed Maggie
  7125 | D:8      | Reached skill level 1 in Poison Magic
  7126 | D:8      | Noticed Pikel
  7165 | D:8      | Killed Pikel
  7166 | D:8      | Reached skill level 1 in Air Magic
  7198 | D:8      | Reached skill level 7 in Long Blades
  7204 | D:8      | Reached XP level 10. HP: 21/80 MP: 9/16
  7283 | D:8      | Found a flagged portal.
  7347 | D:8      | Reached skill level 1 in Transmutations
  7352 | D:8      | Reached skill level 1 in Invocations
  7378 | D:8      | Reached skill level 5 in Fighting
  7457 | D:8      | Identified the +0 robe "Ifuurgher" {rN+ Str+3}
  7690 | D:8      | Found a runed translucent door.
  7752 | D:8      | Found a staircase to the Lair.
  7808 | D:8      | Identified the +11 spear of Osasy {drain, rC+ Str+2 Int+2}
  7812 | D:8      | Noticed Cancer's ghost (novice GrEE)
  8069 | D:9      | Reached *** piety under Sif Muna
  8517 | D:9      | Noticed a molten gargoyle
  8577 | D:9      | Killed a molten gargoyle
  8578 | D:9      | Reached skill level 5 in Spellcasting
  8647 | D:9      | Found a snail-covered altar of Cheibriados.
  8757 | D:9      | Noticed a molten gargoyle
  8809 | D:9      | Killed a molten gargoyle
  8810 | D:9      | Reached skill level 8 in Long Blades
  8922 | D:9      | Noticed a molten gargoyle
  8923 | D:9      | Noticed a molten gargoyle
  8936 | D:9      | Killed from afar by a molten gargoyle

Illustrated notes

Levels and vault maps discovered:
D:1:      dpeg_arrival_long_road, layout_loops_ring, serial_shops,
          nicolae_square_shop, shop
D:2:      layout_loops_corners, shapermc_ecumenical_altar_rom_forum,
          uniq_crazy_yiuf_cottage
D:3:      layout_basic, uniq_robin, uniq_jessica
D:4:      layout_gridville, gup_sewer_entry_bubbles, corexii_corridor_pit
D:5:      layout_rooms, minmay_temple_entry_tees, serial_shops,
          nicolae_diamond_shop, nicolae_inconvenience_store, shop,
          nicolae_shop_hallway_stairs, kennysheep_generic_room_15, uniq_grinder
D:6:      layout_loops_cross, mainiacjoe_overflow_concentric_impassable,
          gammafunk_temple_overflow_pools
D:7:      layout_basic, hex_large
D:8:      layout_rooms, grunt_lair_entry_orc_guard_hut,
          ebering_ghost_funeral_grove, enter_bailey_3, uniq_maggie, uniq_pikel
D:9:      layout_irregular_city, cheibrodos_worm_habitat, minivault_8
Temple:   mainiacjoe_temple_coin_purse

Skill      XL: |  1  2  3  4  5  6  7  8  9 10 |
---------------+-------------------------------+-----
Dodging        | 2 3 5 6 7 |  7.6
Stealth        | 2 3 4 5 6 |  6.0
Long Blades    | 1 2 3 4 6 7 8 |  8.0
Fighting       | 1 2 3 4 5 |  5.6
Conjurations   | 5 6 |  6.4
Spellcasting   | 3 4 5 |  5.1
Poison Magic   | 2 |  2.7
Air Magic      | 1 |  1.9
Transmutations | 1 |  1.0
Invocations    | 1 |  1.6
Hexes          | |  0.1

Action                   |  1- 3 |  4- 6 |  7- 9 | 10-12 || total
-------------------------+-------+-------+-------+-------++-------
Melee: Unarmed           |     6 |       |       |       ||     6
       Tailslap          |     7 |    14 |    46 |     6 ||    73
       Falchion          |    59 |   139 |   217 |    22 ||   437
       Punch             |     1 |     1 |     3 |     1 ||     6
       Long sword        |       |       |       |    40 ||    40
 Cast: Magic Dart        |    31 |     2 |    17 |       ||    50
       Searing Ray       |     1 |    11 |    31 |    30 ||    73
       Poisonous Vapours |       |       |     9 |       ||     9
       Wereblood         |       |       |     2 |     2 ||     4
       Dazzling Flash    |       |       |     1 |     1 ||     2
       Mephitic Cloud    |       |       |       |     3 ||     3
Invok: Channel Magic     |       |       |     2 |     2 ||     4
 Abil: Breathe Noxious F |       |       |    10 |     1 ||    11
  Use: Scroll            |     1 |     4 |     8 |     4 ||    17
       Potion            |       |       |     5 |     4 ||     9
 Stab: Sleeping          |       |     8 |     6 |     1 ||    15
       Confused          |       |       |     5 |     1 ||     6
Armor: Skin              |    32 |    80 |   125 |    39 ||   276
Dodge: Dodged            |    60 |   120 |   283 |   223 ||   686

Table legend: (Time is in decaauts)
 A = Elapsed time spent in this place.
 B = Non-inter-level travel time spent in this place.
 C = Inter-level travel time spent in this place.
 D = Time resting spent in this place.
 E = Time spent auto-exploring this place.
 F = Levels seen in this place.
 G = Mean time per level.
                   A        B        C        D        E       F      G
               +--------+--------+--------+--------+--------+-----+--------+
         Total |   9011 |   8605 |    406 |    173 |   6425 |  11 |  819.2 |
       Dungeon |   8727 |   8338 |    389 |    173 |   6210 |   9 |  969.7 |
        Temple |    134 |    117 |     17 |      0 |    102 |   1 |  134.0 |
         Sewer |    148 |    148 |      0 |      0 |    113 |   1 |  148.0 |
               +--------+--------+--------+--------+--------+-----+--------+

Top non-repeatable levels by time:
     D:4: 1348 daAuts
     D:7: 1109 daAuts
     D:2: 1055 daAuts
     D:6: 977 daAuts
     D:9: 949 daAuts
     D:1: 929 daAuts
     D:8: 893 daAuts
     D:5: 890 daAuts
     D:3: 574 daAuts
   Sewer: 148 daAuts
  Temple: 134 daAuts
